 Dungeon Crawl Stone Soup version bcrawl-1.19.1 (webtiles) character file.

Game seed: 16058346403935632339

25 Revguard the Ducker (level 2, -5/21 HPs)
             Began as a Demonspawn Archaeologist on Nov 27, 2019.
             Slain by Sigmund
             ... wielding a +0 scythe of distortion
              (7 damage)
             ... on level 2 of the Dungeon.
             The game lasted 00:02:30 (902 turns).

Revguard the Ducker (Demonspawn Archaeologist)       Turns: 902, Time: 00:02:31

Health: -5/21      AC:  8    Str: 11    XL:     2   Next: 86%
Magic:  2/2        EV: 11    Int: 15    God:
Gold:   69         SH:  0    Dex: 11    Spells: 1/1 levels left

rFire    . . .     SeeInvis .   a - +0 whip
rCold    . . .     Gourm    .   (no shield)
rNeg     . . .     Faith    .   h - +0 ring mail
rPois    .         Spirit   .   c - +1 hat
rElec    .         Reflect  .   (no cloak)
rCorr    .         Harm     .   (no gloves)
MR       .....                  d - +1 pair of boots
Stlth    +.........             k - amulet of magic regeneration
HPRegen  0.07/turn              (no ring)
MPRegen  0.33/turn              (no ring)

@: about to teleport
A: demonic guardian 1
a: no special abilities


You were on level 2 of the Dungeon.
You were not hungry.

You visited 1 branch of the dungeon, and saw 2 of its levels.

You collected 69 gold pieces.

Inventory:

Hand Weapons
 a - a +0 whip (weapon)
Armour
 b - a +1 robe
 c - a +1 hat (worn)
 d - a +1 pair of boots (worn)
 h - a +0 ring mail (worn)
Jewellery
 k - an amulet of magic regeneration (around neck)
Scrolls
 j - 2 scrolls of remove curse {unknown}
 n - a scroll of fear {unknown}
 o - a scroll of identify {unknown}
Potions
 i - a potion of mutation {unknown}
 l - a potion of heal wounds {unknown}
 m - a potion of lignification {unknown}
Miscellaneous
 e - a dusty tome
 f - an ancient crate
Comestibles
 g - 3 rations {!d}
 p - 3 chunks of flesh


   Skills:
 + Level 1.1 Fighting
 - Level 0.8 Maces & Flails
 + Level 0.3 Armour
 + Level 3.4 Dodging
 - Level 3.0 Stealth
 * Level 0.7 Evocations


You had one spell level left.
You didn't know any spells.
Your spell library was empty.

Dungeon Overview and Level Annotations

Branches:
Dungeon (2/12)

Altars:
Cheibriados

Annotations:
D:2 Sigmund


Innate Abilities, Weirdness & Mutations

A weak demonic guardian rushes to your aid.


Message History

You hear a shout!
A magic dart appears from out of thin air!
The magic dart hits you!
You see here 70 stones.
Sigmund appears from thin air!
Reactivating autopickup.
Sigmund mumbles some strange words.
Sigmund flickers and vanishes!
Deactivating autopickup; reactivate with Ctrl-A.
The bat hits you but does no damage. Something hits you but does no damage.
You feel strangely unstable.
You closely miss something. The bat barely misses you.
The bat hits you but does no damage. Something hits you.
Space bends around you.
* * * LOW HITPOINT WARNING * * *
You barely miss something. The bat closely misses you.
The bat completely misses you. Something hits you.
* * * LOW HITPOINT WARNING * * *
Space bends around you.
You die...

#
#.#.#........#.##.##
###.....##.###.#.##.#
.......###.###......#
.#..####
#...####..#######
....# ###^#
#(.......# ..#.# #.#
##....###.# ..#.# #.#
#..##..# .##†#
#.###.####.# ###.#
#.##{@## .# # #.#
##...b..###.# # #.#
#.........5.# # #.#
#.......##[..# # #.#
#...÷...# ..# # #.#
#.......# %# ###.##
#.......# .. .##..#
#.......# .. ..##.#
#....[..# .


You could see a bat.

Vanquished Creatures
  An ooze (D:2)
  5 bats
  A giant cockroach (D:2)
  A goblin (D:1)
  A hobgoblin (D:1)
  2 jackals (D:2)
  2 kobolds (D:2)
  A quokka (D:2)
  A ball python (D:1)
  2 frilled lizards
  5 rats
22 creatures vanquished.

Notes
Turn   | Place    | Note
-------+----------+-------------------------------------------
     0 | D:1      | Revguard the Demonspawn Archaeologist began the quest for
                  | the Orb.
     0 | D:1      | Reached XP level 1. HP: 15/15 MP: 1/1
   330 | D:1      | Gained mutation: A weak demonic guardian rushes to your
                  | aid. [demonic ancestry]
   330 | D:1      | Reached XP level 2. HP: 21/21 MP: 2/2
   733 | D:2      | Found a snail-covered altar of Cheibriados.
   850 | D:2      | Noticed Sigmund
   902 | D:2      | Slain by Sigmund

Skill      XL: |  1 |
---------------+----+-----
Dodging        | 3 |  3.4
Fighting       | |  1.1
Maces & Flails | |  0.8
Armour         | |  0.3
Stealth        | |  3.0
Evocations     | |  0.7

Action                   || total
-------------------------++-------
Melee: Whip              ||    97
 Stab: Sleeping          ||     2
Armor: Ring mail         ||    33
Dodge: Dodged            ||    71
